 Dungeon Crawl Stone Soup version 0.30-a0-222-ge547ba4400 (webtiles) character file.

Game seed: 12283084126015422768

117523 Morbidden the Brawler (level 16, -19/140 HPs)
             Began as a Troll Monk on Oct 9, 2022.
             Was the Champion of Hepliaklqana.
             Killed from afar by Aizul (29 damage)
             ... with a bolt of poison
             ... on level 1 of the Snake Pit.
             The game lasted 00:48:47 (22060 turns).

Morbidden the Brawler (Troll Monk)                 Turns: 22060, Time: 00:48:47

Health: -19/140    AC: 14    Str: 30    XL:     16   Next: 23%
Magic:  23/23      EV: 20    Int: 15    God:    Hepliaklqana [******]
Gold:   2406       SH:  0    Dex: 22    Spells: 15/26 levels left

rFire   + . .      SeeInvis +      - Unarmed
rCold   + . .      Faith    .    (no shield)
rNeg    + . .      Spirit   .    G - +4 troll leather armour
rPois   .          Reflect  .    (helmet restricted)
rElec   .          Harm     .    W - scarf {rC+ rF+}
rCorr   .          Rampage  .    (gloves unavailable)
Will    .....                    (boots unavailable)
Stlth   +++.......               X - amulet of regeneration
HPRegen 2.83/turn                k - ring "Waemeof" {rN+ Will- AC+4 Int+3 Dex+8 SInv}
MPRegen 0.18/turn                E - ring of Ronipn {EV+4 Str+7 Dex+2}

@: lethally poisoned (-19 -> -40), studying Fighting
A: reduced essence, large, unfitting armour, claws 3, regeneration 1, shaggy fur
1, tough skin 1
a: Renounce Religion, Recall Ancestor, Ancestor Identity, Transference, Idealise


You were on level 1 of the Snake Pit.
You worshipped Hepliaklqana.
Hepliaklqana was exalted by your worship.
You visited 5 branches of the dungeon, and saw 24 of its levels.
You visited the Abyss 1 time.
You also visited: Ossuary.

You collected 4926 gold pieces.
You spent 2520 gold pieces at shops.

Inventory:

Hand Weapons
 b - a +1 broad axe of flaming
Missiles
 B - a silver boomerang
 D - 3 boomerangs (quivered)
 O - 6 curare-tipped darts
 T - 30 large rocks
Armour
 s - a +1 cloak
 C - a +0 robe of the Archmagi
 G - a +4 troll leather armour (worn)
 W - a scarf of resistance (worn)
Jewellery
 k - the ring "Waemeof" (left claw) {rN+ Will- AC+4 Int+3 Dex+8 SInv}
   (You found it on level 12 of the Dungeon)

   [ring of protection]

   AC:        It affects your AC (+4).
   Int:       It affects your intelligence (+3).
   Dex:       It affects your dexterity (+8).
   rN:        It protects you from negative energy.
   SInv:      It lets you see invisible.
   Will:      It decreases your willpower.
 o - a +4 ring of protection
 u - the ring "Seluiqak" {rF+ rC+ SInv}
   (You acquired it on level 11 of the Dungeon)

   [ring of protection from fire]

   rF:        It protects you from fire.
   rC:        It protects you from cold.
   SInv:      It lets you see invisible.
 E - the ring of Ronipn (right claw) {EV+4 Str+7 Dex+2}
   (You bought it in a shop on level 7 of the Dungeon)

   [ring of evasion]

   EV:        It affects your evasion (+4).
   Str:       It affects your strength (+7).
   Dex:       It affects your dexterity (+2).
 F - a ring of protection from cold
 X - an amulet of regeneration (around neck)
Wands
 l - a wand of acid (20)
 v - a wand of flame (16)
 z - a wand of iceblast (14)
 U - a wand of mindburst (18)
Scrolls
 c - 8 scrolls of identify
 d - 10 scrolls of teleportation
 j - 2 scrolls of immolation
 n - 2 scrolls of fog
 y - 4 scrolls of magic mapping
 K - a scroll of blinking
 L - 4 scrolls of amnesia
 M - 3 scrolls of summoning {unknown}
 Q - 2 scrolls of noise {unknown}
 S - 3 scrolls of poison
 V - 4 scrolls of enchant armour
 Y - 3 scrolls of enchant weapon {unknown}
 Z - a scroll of torment {unknown}
Potions
 a - 4 potions of attraction
 e - 6 potions of lignification
 f - 5 potions of degeneration
 g - 2 potions of berserk rage
 h - 7 potions of flight
 i - 17 potions of curing
 p - 2 potions of resistance
 q - 3 potions of heal wounds
 t - a potion of magic
 w - a potion of cancellation
 x - 2 potions of brilliance
 A - 2 potions of haste
 H - a potion of mutation
 N - a potion of might
 P - a potion of ambrosia
 R - 2 potions of invisibility
Miscellaneous
 m - a tin of tremorstones (inert)
 I - a phantom mirror (inert)
 J - a condenser vane (inert)


   Skills:
 * Level 9.4 Fighting
 + Level 3.9 Axes
 * Level 6.2 Throwing
 * Level 4.7 Armour
 * Level 8.7 Dodging
 + Level 4.1 Stealth
 * Level 17.5 Unarmed Combat
 * Level 5.6 Spellcasting
 * Level 7.6 Necromancy
 * Level 0.1 Ice Magic
 * Level 7.2 Invocations
 * Level 6.2 Evocations


You had 15 spell levels left.
You knew the following spells:

 Your Spells              Type           Power      Damage    Failure   Level
a - Vampiric Draining     Necr           27%        2d7       2%          3
b - Dispel Undead         Necr           27%        3d13      8%          4
c - Ice Form              Ice/Tmut       4%         N/A       85%         4

Your spell library contained the following spells:

 Spells                   Type           Power      Damage    Failure   Level
 Necrotise                Necr           100%       1d9       1%          1
 Sublimation of Blood     Necr           27%        N/A       1%          2
 Cigotuvi's Dreadful Rot  Necr/Pois/Air  22%        N/A       9%          2
 Apportation              Tloc           8%         N/A       17%         1
 Beastly Appendage        Tmut           8%         N/A       17%         1
 Magic Dart               Conj           16%        1d3       17%         1
 Agony                    Necr           27%        N/A       21%         5
 Searing Ray              Conj           8%         2d4       26%         2
 Wereblood                Tmut           4%         N/A       26%         2
 Frozen Ramparts          Ice            8%         1d2       43%         3
 Hailstorm                Conj/Ice       4%         3d4       45%         3
 Ignite Poison            Fire/Tmut/Pois 4%         N/A       45%         3
 Kindle Blastsparks       Fire/Tloc/Air  8%         2d10      45%         3
 Lesser Beckoning         Tloc           8%         N/A       45%         3
 Spider Form              Tmut/Pois      4%         N/A       45%         3
 Death Channel            Necr           13%        N/A       75%         6
 Fulminant Prism          Conj/Hex       2%         3d6       86%         4
 Iskenderun's Mystic Bla  Conj/Tloc      4%         2d3       86%         4
 Summon Ice Beast         Ice/Summ       4%         N/A       86%         4
 Alistair's Intoxication  Tmut/Pois      2%         N/A       99%         5
 Freezing Cloud           Conj/Ice/Air   2%         6-21      99%         5
 Summon Forest            Summ/Tloc      2%         N/A       99%         5
 Summon Mana Viper        Hex/Summ       4%         N/A       99%         5
 Simulacrum               Ice/Necr       7%         N/A       99%         6
 Eringya's Noxious Bog    Tmut/Pois      2%         N/A       100%        6
 Starburst                Conj/Fire      2%         6d3       100%        6
 Summon Cactus Giant      Summ           2%         N/A       100%        6
 Summon Hydra             Summ           2%         N/A       100%        7
 Chain Lightning          Conj/Air       2%         3d2       100%        9
 Fire Storm               Conj/Fire      2%         8d1       100%        9
 Shatter                  Erth           2%         3d6*      100%        9


Dungeon Overview and Level Annotations

Branches:
Dungeon (15/15)            Temple (1/1) D:6            Lair (5/5) D:8
 Shoals (0/4) Lair:2        Snake (1/4) Lair:3        Slime (0/5) Lair:5
    Orc (2/2) D:9             Elf (0/3) Orc:2        Vaults (0/5) D:14
 Depths (0/4) D:15        Ossuary (visited)

Altars:
Ashenzari
Fedhas
Hepliaklqana
Kikubaaqudgha
Nemelex Xobeh
Okawaru
Sif Muna
Trog
Wu Jian
Xom
The Shining One
Jiyva

Shops:
D:1 !   D:6 :   D:7 :(:*?   D:9 [   D:11 ?   Orc:2 =((*

Portals:
Trove: D:11 (give +3 storm dragon scales)

Annotations:
D:3 3 runed translucent doors, Decritt's ghost, weakling SpWr; hotpinklipstick's ghost, weakling OpCK
D:5 exclusion: two-headed ogre
D:10 2 transporters, BlueGoblin's ghost, novice DsNe
Lair:2 1 runed translucent door, Cam Moxe's ghost, journeyman OgHu
Lair:5 3 runed translucent doors, nj0rd12's ghost, journeyman MiFi
Snake:1 Aizul


Innate Abilities, Weirdness & Mutations

Your life essence is reduced to manifest your ancestor. (-10% HP)
You are too large for most types of armour.
You have claws for hands.
Your natural rate of healing is unusually fast.
You are covered in fur. (AC +1)
You have tough skin. (AC +1)


Message History

The splash of poison hits you.
You are more poisoned.
Bolek misses the naga sharpshooter.
Aizul coils herself and waves her upper body at you.
The poison arrow misses you.
Bolek completely misses the naga sharpshooter.
Unknown command.
Unknown command.
Unknown command.
Unknown command.
Unknown command.
Unknown command.
Aiming: Phantom Mirror
Press: ? - help, Dir - move target, f - Aizul
Aim: Aizul (poison gas, moderately wounded)
You reflect Aizul with the mirror!
The mirror clouds!
You feel very sick. Aizul hits you!
* * * LOW HITPOINT WARNING * * *
Aizul coils herself and waves her upper body at the naga sharpshooter.
The poison arrow hits the naga sharpshooter.
The naga sharpshooter partially resists.
The naga sharpshooter is poisoned.
The naga spits poison at you. The splash of poison misses you.
The splash of poison hits Bolek but does no damage.
The naga sharpshooter shoots a bolt.
The bolt hits you!!
* * * LOW HITPOINT WARNING * * *
Bolek hits the naga sharpshooter with a +0 dagger of draining.
Bolek drains the naga sharpshooter.
The naga sharpshooter casts a spell.
The naga sharpshooter magically shoots an arrow.
The arrow hits you.
* * * LOW HITPOINT WARNING * * *
Bolek casts a spell at the naga.
The naga resists with some effort.
Aizul casts a spell at you. The bolt of poison hits you!!
You are lethally poisoned!
You die...

.##.....####
#####....##
##....# #....# #
#.(..# .# ####.#
§. #
#.#######§#§§.
###...†#NN§§§§§.
#........@NS§#
#...#....RS###
#..>###..§§#
#..## ......#
#.# .####..# ./.
.. ##... #. .
###


You could see the friendly Bolek the hexer, Aizul, 2 naga sharpshooters, a naga
(distracted, catching breath, ally target) and the friendly Aizul (summoned,
drained).

Vanquished Creatures
  A deep elf elementalist (Abyss:3)
  Josephine (D:11)
  An ettin (D:11)
  2 vault guards (D:14)
  3 hydras
  A rakshasa (D:15)
  2 ogre magi
  A catoblepas (D:13)
  2 centaur warriors
  3 boulder beetles
  5 two-headed ogres
  16 death yaks
  A tengu warrior (D:15)
  A thrashing horror (Abyss:3)
  3 orc high priests (Orc:2)
  A sixfirhy (Abyss:3)
  A wretched star (Abyss:3)
  7 skeletal warriors
  A glowing orange brain (D:15)
  Lodul (D:11)
  A spriggan simulacrum (Abyss:3)
  A wizard (D:14)
  A glowing orange brain (shapeshifter) (D:15)
  3 deep elf archers
  A necromancer (D:14)
  6 deep elf pyromancers
  A wolf spider (D:14)
  A mana viper (Snake:1)
  2 manticores
  5 orc knights
  23 ugly things
  4 orc sorcerers (Orc:2)
  7 cyclopes
  9 elephants
  Maurice (D:8)
  A merfolk siren (Lair:2)
  A smoke demon (Abyss:3)
  6 black mambas
  8 cane toads
  An orange demon (Abyss:3)
  An eye of devastation (Abyss:3)
  A torpor snail (Lair:4)
  A gargoyle (D:12)
  9 komodo dragons
  2 yaktaurs
  An efreet (D:15)
  2 rime drakes
  A yaktaur (shapeshifter) (D:15)
  5 kobold demonologists
  2 tengu conjurers
  4 polar bears (Lair:5)
  2 ancient zymes (Abyss:3)
  5 trolls
  2 freezing wraiths
  A meliai (D:12)
  6 slime creatures
  5 hornets (Lair:5)
  4 blink frogs (Lair:5)
  A large abomination (Abyss:3)
  31 yaks
  A centaur simulacrum (D:12)
  2 ynoxinuls (Abyss:3)
  6 wyverns
  12 spriggans (Lair:5)
  3 wraiths
  3 shadows
  20 humans
  A basilisk (Lair:5)
  A chaos spawn (Abyss:3)
  5 steam dragons
  2 wargs
  4 vampire mosquitoes
  5 nagas
  2 acid dragons
  13 water moccasins
  An ice beast (D:5)
  9 orc warriors
  3 black bears
  2 small abominations (Abyss:3)
  2 hornet zombies (Ossuary)
  13 ogres
  33 wolves
  7 centaurs
  8 boggarts
  4 kobold brigands
  11 bullfrogs
  A gnoll sergeant (D:7)
  A wyvern zombie (Ossuary)
  2 necrophages
  3 scorpions
  A water moccasin zombie (Ossuary)
  3 wights (D:7)
  A hexer (D:12)
  A hornet simulacrum (D:15)
  5 howler monkeys
  An electric eel (D:15)
  5 bullfrog zombies (Ossuary)
  6 centaur zombies (Ossuary)
  10 orc priests
  4 hounds
  7 jellies
  3 iguanas (D:5)
  Jessica (D:2)
  12 orc wizards
  A killer bee zombie (Ossuary)
  3 howler monkey zombies (Ossuary)
  11 mummies (Ossuary)
  13 gnolls
  6 adders
  A shadow imp (D:6)
  2 white imps
  3 ufetubi (D:5)
  3 worms
  3 dart slugs
  35 orcs
  11 bats
  6 endoplasms
  2 giant cockroaches (D:2)
  5 goblins
  6 hobgoblins
  9 jackals
  3 quokkas
  9 ball pythons
  5 frilled lizards (D:1)
  15 kobolds
  8 rats
623 creatures vanquished.

Vanquished Creatures (collateral kills)
  A green death (Abyss:3)
  A great orb of eyes (Abyss:3)
  3 hydras
  2 two-headed ogres
  A boulder beetle (Lair:4)
  A centaur warrior (D:15)
  3 death yaks
  A skeletal warrior (D:12)
  2 wizards (D:14)
  An orc knight (Orc:2)
  2 ugly things (D:15)
  An elephant (Lair:4)
  2 black mambas (Lair:4)
  3 cane toads
  A polar bear (Lair:1)
  A hornet (Lair:5)
  10 yaks
  A water elemental (D:15)
  A spriggan (Lair:5)
  A human (D:7)
  A steam dragon (D:9)
  A naga (Lair:3)
  9 orc warriors
  4 water moccasins
  A black bear (Lair:5)
  2 ogres
  4 wolves
  A centaur (D:9)
  2 kobold brigands (D:11)
  A gnoll sergeant (D:7)
  A bullfrog (Lair:1)
  A howler monkey (D:13)
  5 orc priests
  4 orc wizards
  A gnoll (D:7)
  7 orcs
  A kobold (D:7)
85 creatures vanquished.

Vanquished Creatures (others)
  A wizard (D:10)
  A shadow (D:8)
  A boggart (D:14)
  20 hexers
  An orc wizard (D:6)
  23 fungi
  85 plants
  4 withered plants (Ossuary)
136 creatures vanquished.

Grand Total: 844 creatures vanquished

Notes
Turn   | Place    | Note
-------+----------+-------------------------------------------
     0 | D:1      | Morbidden the Troll Monk began the quest for the Orb.
     0 | D:1      | Reached XP level 1. HP: 22/22 MP: 0/0
    44 | D:1      | Found Juunahoc's Distillery.
    68 | D:1      | Reached XP level 2. HP: 29/29 MP: 1/1
   410 | D:1      | Reached XP level 3. HP: 36/36 MP: 2/2
   567 | D:2      | Noticed Jessica
   574 | D:2      | Killed Jessica
   575 | D:2      | Reached XP level 4. HP: 44/44 MP: 3/3
   728 | D:2      | Learned a level 3 spell: Vampiric Draining
   748 | D:2      | Reached skill level 4 in Unarmed Combat
  1062 | D:3      | Reached XP level 5. HP: 39/53 MP: 3/5
  1244 | D:3      | Found a runed translucent gate.
  1268 | D:3      | Reached skill level 1 in Spellcasting
  1302 | D:3      | Found a runed translucent gate.
  1302 | D:3      | Found a runed translucent gate.
  1304 | D:3      | Noticed hotpinklipstick's ghost (weakling OpCK)
  1304 | D:3      | Noticed Decritt's ghost (weakling SpWr)
  1364 | D:3      | Identified the +2 ring mail of Ibbas {Dex+2}
  1813 | D:4      | Noticed a steam dragon
  1822 | D:4      | Killed a steam dragon
  1823 | D:4      | Reached skill level 5 in Unarmed Combat
  1823 | D:4      | Reached skill level 1 in Necromancy
  1823 | D:4      | Reached XP level 6. HP: 18/61 MP: 6/6
  2145 | D:4      | Found an ornate altar of the Wu Jian Council.
  2637 | D:4      | Found a broken altar of Ashenzari.
  2648 | D:4      | Found a shimmering altar of Xom.
  2681 | D:4      | Found an ancient bone altar of Kikubaaqudgha.
  2716 | D:5      | Entered Level 5 of the Dungeon
  2745 | D:5      | Reached XP level 7. HP: 34/67 MP: 7/7
  3043 | D:5      | Reached skill level 6 in Unarmed Combat
  3151 | D:5      | Reached skill level 1 in Evocations
  3196 | D:5      | Noticed a two-headed ogre
  3737 | D:6      | Reached XP level 8. HP: 75/75 MP: 9/9
  3742 | D:6      | Found Zuytu's Book Emporium.
  3839 | D:6      | Reached skill level 7 in Unarmed Combat
  3848 | D:6      | Found a sand-covered staircase.
  3863 | Ossuary  | Entered an ossuary
  3983 | Ossuary  | Reached skill level 8 in Unarmed Combat
  4154 | Ossuary  | Reached XP level 9. HP: 84/84 MP: 11/11
  4647 | D:6      | Found a staircase to the Ecumenical Temple.
  4824 | Temple   | Entered the Ecumenical Temple
  4869 | Temple   | Became a worshipper of Hepliaklqana the Forgotten
  4869 | Temple   | Reached * piety under Hepliaklqana
  4869 | Temple   | Reached ** piety under Hepliaklqana
  4870 | Temple   | Remembered your ancestor Bolek as a hexer
  5126 | D:7      | Found Jiyskok's Magic Scroll Shop.
  5129 | D:7      | Bought 2 scrolls of blinking for 180 gold pieces
  5154 | D:7      | Found Buhesun's Book Shoppe.
  5331 | D:7      | Reached skill level 9 in Unarmed Combat
  5372 | D:7      | Reached skill level 1 in Invocations
  5418 | D:7      | Found Ekhlio's Weapon Shop.
  5617 | D:7      | Found an iron altar of Okawaru.
  5739 | D:7      | Identified the +4 chain mail of Fucvuoca {rElec SInv}
  5743 | D:7      | Found Hoblano's Assorted Antiques.
  5755 | D:7      | Bought a translucent bone ring for 140 gold pieces
  5755 | D:7      | Identified the ring of Ronipn {EV+4 Str+7 Dex+2} (You
                  | bought it in a shop on level 7 of the Dungeon)
  5757 | D:7      | Bought a glowing jade ring for 140 gold pieces
  5980 | D:7      | Found Ecidaz's Tremendous Tomes.
  6196 | D:8      | Reached skill level 5 in Dodging
  6196 | D:8      | Reached XP level 10. HP: 84/84 MP: 12/12
  6198 | D:8      | Reached skill level 10 in Unarmed Combat
  6266 | D:8      | Found a staircase to the Lair.
  6351 | D:8      | Reached *** piety under Hepliaklqana
  6584 | D:8      | Noticed Maurice
  6589 | D:8      | Killed Maurice
  7112 | D:9      | Found Onurair's Armour Emporium.
  7112 | D:9      | Found a staircase to the Orcish Mines.
  7153 | D:9      | Found a bloodstained altar of Trog.
  7218 | D:9      | Reached skill level 11 in Unarmed Combat
  7563 | D:10     | Entered Level 10 of the Dungeon
  7566 | D:10     | Found a transporter.
  7566 | D:10     | Noticed BlueGoblin's ghost (novice DsNe)
  7567 | D:10     | Found a transporter.
  7787 | D:10     | Noticed an orange demon
  7789 | D:10     | Noticed a yaktaur captain
  7889 | D:10     | Found a blossoming altar of Fedhas.
  7910 | D:10     | Noticed a two-headed ogre
  7917 | D:10     | Killed a two-headed ogre
  7918 | D:10     | Reached XP level 11. HP: 87/90 MP: 14/14
  7959 | D:10     | Noticed a wizard
  7982 | D:10     | Killed a wizard
  8015 | D:10     | Got Quzuqi's Monograph on the Incendiary Excursion
  8286 | D:10     | Reached **** piety under Hepliaklqana
  8328 | D:10     | Found a shimmering blue altar of Sif Muna.
  8385 | D:11     | Reached skill level 5 in Fighting
  8389 | D:11     | Noticed a two-headed ogre
  8505 | D:11     | Noticed Josephine
  8543 | D:11     | Noticed a red ugly thing
  8578 | D:11     | Killed a red ugly thing
  8579 | D:11     | Reached skill level 12 in Unarmed Combat
  8615 | D:11     | Identified 3 scrolls of acquirement
  8615 | D:11     | Acquired 820 gold pieces
  8617 | D:11     | Acquired a manual of Fighting
  8619 | D:11     | Acquired the ring "Seluiqak" {rF+ rC+ SInv}
  8729 | D:11     | Noticed a two-headed ogre
  8738 | D:11     | Killed a two-headed ogre
  8970 | D:11     | Noticed a two-headed ogre
  8997 | D:11     | Killed a two-headed ogre
  9080 | D:11     | Noticed a two-headed ogre
  9089 | D:11     | Killed a two-headed ogre
  9090 | D:11     | Reached skill level 1 in Axes
  9090 | D:11     | Reached skill level 1 in Throwing
  9118 | D:11     | Noticed a deep elf archer
  9130 | D:11     | Noticed an ettin
  9143 | D:11     | Killed a deep elf archer
  9149 | D:11     | Killed an ettin
  9150 | D:11     | Reached XP level 12. HP: 33/101 MP: 4/16
  9360 | D:11     | Noticed a boulder beetle
  9377 | D:11     | Killed a boulder beetle
  9384 | D:11     | Reached skill level 13 in Unarmed Combat
  9480 | D:11     | Noticed a two-headed ogre
  9482 | D:11     | Killed a two-headed ogre
  9483 | D:11     | Noticed a boulder beetle
  9505 | D:11     | Killed a boulder beetle
  9539 | D:11     | Killed a two-headed ogre
  9540 | D:11     | Noticed Lodul
  9554 | D:11     | Killed Lodul
  9575 | D:11     | Reached skill level 5 in Necromancy
  9800 | D:11     | Found a portal to a secret trove of treasure.
  9835 | D:11     | Found Zihucvu's Magic Scroll Boutique.
  9864 | D:11     | Bought a scroll of acquirement for 780 gold pieces
  9864 | D:11     | Acquired 1247 gold pieces
 10022 | D:11     | Killed Josephine
 10291 | D:9      | Bought a scarf of resistance for 448 gold pieces
 10329 | Lair:1   | Entered Level 1 of the Lair of Beasts
 10431 | Lair:1   | Reached ***** piety under Hepliaklqana
 10962 | Lair:1   | Reached skill level 14 in Unarmed Combat
 11356 | Lair:2   | Identified the +7 chain mail of Pantheism {Will+}
 11645 | Lair:2   | Identified the +1 war axe "Seilosul" {protect, rN+ Int+3}
 11752 | Lair:2   | Reached skill level 1 in Armour
 11752 | Lair:2   | Reached XP level 13. HP: 109/109 MP: 18/18
 11885 | Lair:2   | Found a runed translucent door.
 11889 | Lair:2   | Noticed Cam Moxe's ghost (journeyman OgHu)
 11921 | Lair:2   | Found a staircase to the Shoals.
 12112 | Lair:3   | Learned a level 4 spell: Dispel Undead
 12200 | Lair:3   | Found a staircase to the Snake Pit.
 12606 | Lair:4   | Reached skill level 5 in Invocations
 13250 | Lair:4   | Reached skill level 15 in Unarmed Combat
 13319 | Lair:4   | Identified the +1 pair of boots of Xicvauzab {Str+9}
 13674 | Lair:5   | Entered Level 5 of the Lair of Beasts
 14028 | Lair:5   | Reached skill level 5 in Evocations
 14030 | Lair:5   | Reached XP level 14. HP: 110/119 MP: 19/19
 14636 | Lair:5   | Found a runed translucent gate.
 14636 | Lair:5   | Found a runed translucent gate.
 14636 | Lair:5   | Found a runed translucent gate.
 15032 | Lair:5   | Noticed nj0rd12's ghost (journeyman MiFi)
 15055 | Lair:5   | Found a viscous altar of Jiyva.
 15056 | Lair:5   | Found a staircase to the Slime Pits.
 16032 | D:12     | Reached skill level 16 in Unarmed Combat
 16077 | D:12     | Reached ****** piety under Hepliaklqana
 16501 | D:12     | Paralysed by an ogre mage for 2 turns
 16547 | D:12     | Identified the ring "Waemeof" {rN+ Will- AC+4 Int+3 Dex+8
                  | SInv}
 16586 | D:12     | Reached skill level 5 in Spellcasting
 16829 | D:7      | Bought a scroll of enchant armour for 90 gold pieces
 16829 | D:7      | Bought a scroll of enchant armour for 90 gold pieces
 16829 | D:7      | Bought a scroll of teleportation for 36 gold pieces
 16976 | D:13     | Reached skill level 5 in Throwing
 17134 | D:13     | Reached XP level 15. HP: 128/128 MP: 21/21
 17748 | D:14     | Identified the +10 chain mail of Voine {-Tele Rampage SInv}
 18278 | D:14     | Identified the +13 plate armour of Cheibriados's Regard
                  | {rPois Regen+ Dex+4}
 18351 | D:14     | Found a gate to the Vaults.
 18355 | Abyss:3  | Cast into level 3 of the Abyss (a wizard)
 18399 | Abyss:3  | Noticed a hellephant
 18639 | D:14     | Escaped the Abyss
 19111 | D:15     | Entered Level 15 of the Dungeon
 19374 | D:15     | Reached skill level 17 in Unarmed Combat
 19822 | D:15     | Found a staircase to the Depths.
 19837 | D:15     | Reached XP level 16. HP: 121/140 MP: 23/23
 20133 | Orc:1    | Entered Level 1 of the Orcish Mines
 20487 | Orc:2    | Entered Level 2 of the Orcish Mines
 21119 | Orc:2    | Found Sicauwn's General Store.
 21167 | Orc:2    | Found Piklaced's Antique Weapon Boutique.
 21180 | Orc:2    | Paralysed by an orc sorcerer for 4 turns
 21600 | Orc:2    | Found Agoutwut's Antique Weapon Shoppe.
 21610 | Orc:2    | Found Fixzas Naoc's Jewellery Boutique.
 21682 | Orc:2    | Found a staircase to the Elven Halls.
 21787 | Orc:2    | Bought a ring of the Octopus King {HP+2 AC+2 EV+2 SH+2
                  | SInv} for 616 gold pieces
 21787 | Orc:2    | Found the ring of the Octopus King {HP+2 AC+2 EV+2 SH+2
                  | SInv}
 21967 | Lair:1   | Learned a level 4 spell: Ice Form
 22036 | Snake:1  | Entered Level 1 of the Snake Pit
 22054 | Snake:1  | Noticed Aizul
 22060 | Snake:1  | Killed from afar by Aizul

Illustrated notes

Levels and vault maps discovered:
D:1:      amcnicky_arrival_flooded_fountain, layout_rooms, serial_shops,
          shop_coins, serial_park_tiny_1, chequers_serial_rivers_large_b
D:2:      layout_rooms, serial_glass, glass_columns_c, glass_columns_b,
          glass_columns_b, glass_columns_a, minmay_strange_pillars,
          minmay_strange_pillars, feat_on_display, serial_park_tiny_1,
          uniq_jessica
D:3:      layout_loops_cross, gammafunk_ghost_cemetery, minivault_19,
          chequers_serial_rivers_room_b, st_stairs_10
D:4:      layout_basic, nicolae_overflow_quartered_altars
D:5:      layout_loops_ring, chequers_mini_garden, minmay_joined_circles
D:6:      layout_rooms, minmay_temple_entry_glassed_door, serial_shops,
          nicolae_shop_statue_plus, lightli_ossuary_entry_decrepit_ruins
D:7:      layout_basic, okawaru_humans, serial_shops, nicolae_stop_n_shop_1,
          nicolae_square_shop, shop, nicolae_shop_bloodbath_and_beyond,
          nicolae_shop_i_like_big_books
D:8:      layout_basic, minmay_lair_entry_grove, serial_curves, eino_curves_03,
          eino_curves_04, uniq_maurice
D:9:      kennysheep_steamy, layout_long_grid, mainiacjoe_overflow_chevrons,
          orc_david_3
D:10:     layout_roguey, nicolae_sif_muna_little_library, fedhas_altar_1,
          gammafunk_ghost_arena, minmay_librarian
D:11:     nzn_winding_woodlands_cross [nzn_winding_woodlands_5x15_concentric,
          nzn_winding_woodlands_5x15_pathside_ponds,
          nzn_winding_woodlands_5x15_jagged, nzn_winding_woodlands_5x15_pool,
          nzn_winding_woodlands_15x15_boxy_spiral], layout_basic, serial_shops,
          shop, nicolae_trove_entry_isolated, uniq_lodul, uniq_josephine
D:12:     minmay_stepped, layout_cave_pools
D:13:     layout_rooms
D:14:     layout_loops_corners, grunt_vaults_entry_tiered, minivault_19
D:15:     gammafunk_enter_depths_forms, layout_basic, serial_bayou_shore_a
Temple:   minmay_temple_curvy_branch
Lair:1:   layout_gridlike, grunt_megastairs_2, infiniplex_staircase_pool_2
Lair:2:   layout_roguey, minmay_shoals_entry_lonely_mermaid, serial_rivers,
          chequers_serial_rivers_room_a, chequers_serial_rivers_room_b,
          chequers_serial_rivers_micro_d, chequers_serial_rivers_micro_e,
          ebering_ghost_reflecting_pool, lemuel_fruit_tree
Lair:3:   layout_big_grid, minmay_snake_entry_guardpost_medium
Lair:4:   layout_big_grid, serial_bayou_pond_b, chequers_serial_rivers_marsh,
          serial_bayou_lagoon_a
Lair:5:   minmay_lair_end_enchanted_forest, layout_hall_layers,
          minmay_slime_entry_pillars, gammafunk_ghost_split
Snake:1:  layout_misc_corridors, uniq_aizul
Orc:1:    layout_diamond_mine, mines2_david
Orc:2:    st_orc_elflike, layout_diamond_mine

Skill      XL: |  1  2  3  4  5  6  7  8  9 10 11 12 13 14 15 |
---------------+----------------------------------------------+-----
Unarmed Combat | 4 5 6 8 9 11 12 14 15 16 17 | 17.5
Fighting       | 3 4 5 6 7 8 9 |  9.4
Dodging        | 3 4 5 6 7 8 |  8.7
Spellcasting   | 1 2 3 4 5 |  5.6
Necromancy     | 1 2 3 4 5 6 7 |  7.6
Evocations     | 1 2 3 4 5 6 |  6.2
Stealth        | 2 3 4 |  4.1
Invocations    | 1 3 4 5 6 7 |  7.2
Axes           | 1 2 3 |  3.9
Throwing       | 1 2 4 5 6 |  6.2
Armour         | 1 2 3 4 |  4.7
Ice Magic      | |  0.1

Action                   |  1- 3 |  4- 6 |  7- 9 | 10-12 | 13-15 | 16-18 || total
-------------------------+-------+-------+-------+-------+-------+-------++-------
Melee: Unarmed           |    88 |   153 |   295 |   425 |   802 |   133 ||  1896
       Punch             |       |     8 |    16 |    42 |   113 |    12 ||   191
       Broad axe         |       |       |       |       |    19 |       ||    19
Throw: Dart              |       |       |       |    25 |    34 |       ||    59
       Boomerang         |       |       |       |    23 |    32 |     7 ||    62
       Large rock        |       |       |       |     3 |       |       ||     3
 Cast: Vampiric Draining |       |       |       |     5 |    25 |       ||    30
       Dispel Undead     |       |       |       |       |    18 |       ||    18
Invok: Ancestor Life: He |       |       |     1 |       |       |       ||     1
       Recall Ancestor   |       |       |       |     4 |     4 |       ||     8
       Idealise          |       |       |       |       |     5 |     1 ||     6
Evoke: Wand              |       |       |     5 |     5 |     2 |       ||    12
       Phantom mirror    |       |       |       |     1 |     4 |     1 ||     6
       Tin of tremorston |       |       |       |       |     3 |     2 ||     5
       Condenser vane    |       |       |       |       |     1 |     1 ||     2
  Use: Potion            |       |     1 |     2 |     1 |     2 |     1 ||     7
       Scroll            |       |       |     8 |    17 |    14 |     3 ||    42
 Stab: Sleeping          |     3 |     4 |     1 |     2 |     3 |       ||    13
       Confused          |       |       |     1 |     6 |     7 |     4 ||    18
       Distracted        |       |       |     1 |     1 |    13 |     1 ||    16
       Paralysed         |       |       |       |       |    22 |    10 ||    32
Armor: Robe              |    41 |    47 |   113 |       |       |       ||   201
       Steam dragon scal |       |       |     1 |   121 |   103 |       ||   225
       Skin              |       |       |       |    13 |       |       ||    13
       Troll leather arm |       |       |       |       |    87 |    29 ||   116
Dodge: Dodged            |    42 |    80 |   153 |   243 |   603 |   100 ||  1221

Table legend: (Time is in decaauts)
 A = Elapsed time spent in this place.
 B = Non-inter-level travel time spent in this place.
 C = Inter-level travel time spent in this place.
 D = Time resting spent in this place.
 E = Time spent auto-exploring this place.
 F = Levels seen in this place.
 G = Mean time per level.
                   A        B        C        D        E       F      G
               +--------+--------+--------+--------+--------+-----+--------+
         Total |  21805 |  20151 |   1654 |   1986 |  13560 |  26 |  838.7 |
       Dungeon |  14116 |  13102 |   1014 |   1199 |   9080 |  15 |  941.1 |
        Temple |     74 |     50 |     24 |      0 |     39 |   1 |   74.0 |
          Lair |   5219 |   4953 |    266 |    502 |   3330 |   5 | 1043.8 |
     Snake Pit |     23 |     23 |      0 |      0 |     10 |   1 |   23.0 |
  Orcish Mines |   1746 |   1397 |    349 |    211 |    958 |   2 |  873.0 |
         Abyss |    264 |    264 |      0 |     73 |     12 |   1 |  264.0 |
       Ossuary |    361 |    361 |      0 |      0 |    131 |   1 |  361.0 |
               +--------+--------+--------+--------+--------+-----+--------+

Top non-repeatable levels by time:
    D:11: 1733 daAuts
  Lair:5: 1607 daAuts
    D:12: 1265 daAuts
    D:14: 1240 daAuts
  Lair:4: 1218 daAuts
   Orc:2: 1170 daAuts
     D:5: 1099 daAuts
    D:10: 1073 daAuts
     D:4: 1071 daAuts
  Lair:2: 998 daAuts
     D:7: 944 daAuts
    D:15: 887 daAuts
     D:6: 881 daAuts
     D:8: 844 daAuts
     D:9: 841 daAuts
